[Event "29th Bosnjaci Open 2025"]
[Site "Bosnjaci"]
[Date "2025.01.06"]
[Round "6.12"]
[White "Jakovic, Roko"]
[Black "Kanizaj, Benjamin"]
[Result "1-0"]
[ECO "E52"]
[WhiteElo "2273"]
[BlackElo "2096"]
[Annotator "TA"]
[PlyCount "109"]
[EventDate "2025.01.04"]
[EventType "swiss"]
[EventCountry "CRO"]
[SourceTitle "playchess.com"]
[Source "ChessBase"]
[SourceQuality "1"]
[TimeControl "5400+30"]

1. d4 Nf6 2. c4 e6 3. Nc3 Bb4 4. e3 O-O 5. Bd3 d5 6. Nf3 b6 7. cxd5 exd5 8. O-O Ba6 9. Bxa6 {[%emt 0:06:50] The position is equal.} Nxa6 10. Qd3 Qc8 11. Bd2 c5 12. a3 Bxc3 13. Bxc3 c4 14. Qc2 b5 15. Nd2 Re8 16. Rfe1 Qb7 17. f3 b4 18. axb4 Nxb4 19. Bxb4 Qxb4 20. Ra4 Qb5 21. b3 c3 22. Qxc3 $16 Rac8 23. Ra5 Rxc3 24. Rxb5 Rcxe3 25. Rxe3 Rxe3 $14 {[%emt 0:00:01][%mdl 4096] Endgame. KRN-KRN} 26. Kf2 a6 27. Rb7 Re6 28. b4 Kf8 29. Nb3 Re7 30. Rb6 Re6 {[%emt 0:03:38] [#] Loses the game.} (30... Ne8 $16) 31. Rxe6 $1 $18 fxe6 {[%emt 0:00:01] KN-KN} 32. Nc5 Ke7 (32... Ne8 {might work better.} 33. Nxe6+ (33. Nxa6 Nd6 $14) 33... Ke7) 33. Nxa6 Kd6 34. b5 Nd7 35. Ke3 e5 (35... h6 {is a better defense.} 36. Kd2 h5) 36. Nb4 exd4+ 37. Kxd4 Nc5 38. Nxd5 Nb3+ 39. Kc3 Na5 (39... Nc5 $142 40. Ne3 Ne6) 40. Kb4 Nb7 41. Nc3 Ke5 (41... h6 $142 42. Ne4+ Kd5) 42. Kc4 Kf4 43. Nd1 (43. Kd5 $142 Nd8 44. b6) 43... h5 44. Kd4 g5 45. Nf2 {[%emt 0:00:42] Nd3+ would kill now.} Kf5 46. Kd5 Kf4 47. Nh3+ (47. b6 $142 Ke3 48. Ne4 Ke2 49. Nc5 (49. Nxg5 Ke3 $18) 49... Na5 50. Nb3 Nxb3 51. b7 Nd2 52. b8=Q (52. b8=B h4 $11)) 47... Kf5 48. b6 g4 49. fxg4+ {[%emt 0:00:38] White mates.} hxg4 50. Nf2 Kf4 {[%emt 0:00:27] [#]} 51. Nxg4 $1 Kxg4 (51... Nd8 52. Ne5) 52. Kc6 Nd8+ 53. Kd7 Nb7 54. Kc7 Nc5 55. b7 {[%emt 0:00:10] Weighted Error Value: White=0.14 (very precise) /Black=0.37.  Mistake:       	---       	Black=5      Inaccurate:     	White=1     	Black=4      OK:         	White=16    	Black=9      Best:        	White=5     	Black=1      Strong:       	White=1     	---} 1-0

[Event "29th Bosnjaci Open 2025"]
[Site "Bosnjaci"]
[Date "2025.01.06"]
[Round "6.13"]
[White "Vucenovic, Damian"]
[Black "Ljubicic, Mario"]
[Result "1-0"]
[ECO "C54"]
[WhiteElo "2272"]
[BlackElo "2115"]
[Annotator "TA"]
[PlyCount "145"]
[EventDate "2025.01.04"]
[EventType "swiss"]
[EventCountry "CRO"]
[SourceTitle "playchess.com"]
[Source "ChessBase"]
[SourceQuality "1"]
[TimeControl "5400+30"]

1. e4 e5 2. Nf3 Nc6 3. Bc4 Nf6 4. d3 Bc5 5. c3 a6 6. Be3 Ba7 7. Nbd2 O-O 8. O-O d6 9. Bb3 h6 10. Re1 Re8 11. Nf1 Be6 12. Ng3 Qd7 13. Qc2 b5 14. a4 Bxe3 15. fxe3 Ne7 16. d4 Bxb3 17. Qxb3 Ng6 18. c4 bxa4 19. Qxa4 Qg4 20. Nd2 exd4 21. exd4 Nf4 22. Qd1 Nd3 23. Qxg4 Nxg4 24. Reb1 Reb8 25. b3 Ne3 26. Ra2 Nb4 27. Ra4 Nec2 28. Nf3 Rb6 29. Kf2 Re8 30. Ke2 (30. Rd1 $11) 30... c5 (30... f5 $5 31. Nxf5 Rxe4+ 32. Kd2 Rf4 $17) 31. dxc5 dxc5 32. Ra5 $1 Rc6 33. Rd1 Rc7 34. Rd6 f5 35. e5 Nc6 $1 36. Rxa6 (36. Rxc5 N6d4+ 37. Kd3 Rxc5 $17) (36. Rxc6 $5 Rxc6 37. Nxf5 $15) 36... Nxe5 37. Kd2 (37. Nxe5 $11 Rxe5+ 38. Kf2) 37... Nxf3+ $1 $17 38. gxf3 Nd4 39. Rxd4 cxd4 40. Nxf5 {[%emt 0:00:07] [#]} Rf7 ({Black should try} 40... Re5 $1 $17 41. Nd6 Kh7) 41. Ra5 (41. Nxd4 $2 Rd7 42. Kc3 (42. Kd3 $2 Red8 $19) 42... Re3+ 43. Kd2 Rxb3 $19 (43... Rxd4+ $2 {is the wrong capture.} 44. Kxe3 Rh4 45. c5 $18)) (41. Nd6 {feels hotter.} Rf6 42. c5 Re3 43. c6) 41... Rb8 42. Nxd4 Rf4 (42... Rd8 $11 43. Kc3 Rf4) 43. Kc3 {[%emt 0:02:23] [#]} ({White should try} 43. Ke3 $14 Rh4 44. Rd5) 43... Rxd4 $4 (43... Rd8 $1 $11 44. Rd5 Rxd5 45. cxd5 Kf7) 44. Kxd4 $18 Rxb3 45. Rf5 (45. Re5 $142 Rxf3 46. c5) 45... g6 46. Rf4 Kg7 47. c5 g5 48. Rf5 Rb4+ 49. Kd5 Kg6 50. Rf8 (50. Re5 $142 Rb2 51. Kd6) 50... Kg7 51. Rf5 Kg6 $1 52. Re5 Kf6 53. Re6+ Kf7 54. Rxh6 Ke7 55. Rh7+ Kd8 56. Rg7 Rf4 57. Rxg5 Rxf3 58. h4 Rf6 59. Rg8+ Kd7 60. c6+ Kc7 61. Rg7+ Kc8 62. Kc5 Rf1 63. h5 Rc1+ 64. Kd6 Rd1+ 65. Ke6 Rc1 66. c7 Rh1 67. Rh7 (67. Rg5 $142 Kxc7 68. Kf7 Kd6 69. Kg7 Re1 70. h6 Re7+ 71. Kf8 Rb7 72. Rh5 Rb8+ 73. Kg7) 67... Rh2 68. Kf6 Rc2 69. Re7 Rc6+ 70. Kg7 Rc5 71. h6 Rg5+ 72. Kf6 Rh5 73. h7 1-0

[Event "29th Bosnjaci Open 2025"]
[Site "Bosnjaci"]
[Date "2025.01.06"]
[Round "6.14"]
[White "Sipic, Hrvoje"]
[Black "Kejzar, Petra"]
[Result "1-0"]
[ECO "B30"]
[WhiteElo "2213"]
[BlackElo "2040"]
[Annotator "TA"]
[PlyCount "121"]
[EventDate "2025.01.04"]
[EventType "swiss"]
[EventCountry "CRO"]
[SourceTitle "playchess.com"]
[Source "ChessBase"]
[SourceQuality "1"]
[TimeControl "5400+30"]

1. e4 c5 2. Nf3 Nc6 3. Bb5 e6 4. O-O Nge7 5. Re1 b6 6. c3 a6 7. Bf1 d5 8. exd5 Nxd5 9. d4 cxd4 10. Nxd4 Nxd4 11. Qxd4 Bb7 12. c4 Nf6 13. Be3 Bc5 14. Qxd8+ Rxd8 15. Bxc5 bxc5 16. Nc3 O-O 17. Na4 Nd7 18. b3 Bc6 19. Nb2 a5 20. Nd3 Ba8 21. f3 Rfe8 22. Rad1 Kf8 23. Kf2 Rc8 24. Nf4 Rc7 25. Rd6 Ra7 26. Red1 Ke7 27. Ne2 Rb8 ({Weaker is} 27... Bd5 28. Rxd7+ Rxd7 29. cxd5 Rxd5 30. Nc3 Rxd1 31. Nxd1 $16) 28. Nc3 Rb6 29. Nb5 Rab7 $1 30. R6d2 Ne5 31. Nd6 (31. f4 $5 Ng4+ $8 32. Kg1 $11) 31... Rb8 32. Be2 g5 33. Nb5 Bc6 34. g3 h6 35. Ke3 Be8 36. f4 Nc6 (36... gxf4+ 37. gxf4 Ng6 38. Bd3 Nh4) 37. Bf3 (37. Rg1 {simplifies} a4 38. bxa4 Nd4 39. Bd1) 37... Rd8 38. Bxc6 Rxd2 39. Rxd2 Bxc6 40. Rd6 (40. Nc3 $11) 40... Ra6 (40... gxf4+ $15 41. gxf4 (41. Kxf4 a4 $17) 41... a4 42. bxa4 Ra6) 41. Rd2 $11 a4 42. Nc3 axb3 43. axb3 Rb6 44. Rb2 f5 45. Na2 Be4 46. b4 cxb4 47. Rxb4 Rxb4 (47... gxf4+ $11 48. gxf4 Rd6) 48. Nxb4 $16 Kf6 $2 {[%emt 0:04:16][%mdl 8192] [#]} (48... e5 $16) 49. Kd4 $1 $18 Bb7 (49... gxf4 $142 50. gxf4 Ke7) 50. Nd3 $18 h5 51. Ne5 h4 52. Kc5 hxg3 53. hxg3 gxf4 54. gxf4 Ke7 55. Kb6 Bc8 56. Kc7 Ba6 57. c5 Bb5 58. Kb6 Be8 59. c6 Kd8 60. c7+ Kc8 61. Nc6 1-0

[Event "29th Bosnjaci Open 2025"]
[Site "Bosnjaci"]
[Date "2025.01.06"]
[Round "6.15"]
[White "Pirvulescu, Ekaterina"]
[Black "Glavas, Dragan"]
[Result "0-1"]
[ECO "C18"]
[WhiteElo "2043"]
[BlackElo "2251"]
[Annotator "TA"]
[PlyCount "122"]
[EventDate "2025.01.04"]
[EventType "swiss"]
[EventCountry "CRO"]
[SourceTitle "playchess.com"]
[Source "ChessBase"]
[SourceQuality "1"]
[TimeControl "5400+30"]

1. e4 e6 2. d4 d5 3. Nc3 Bb4 4. e5 c5 5. a3 Bxc3+ 6. bxc3 Nc6 7. Qg4 g6 8. h4 ({Reject} 8. dxc5 Nxe5 9. Qd4 f6 $11) 8... h6 9. Bd3 c4 10. Be2 Qa5 11. Bd2 Bd7 12. Qf4 Rh7 13. g4 O-O-O 14. Qg3 f6 15. f4 Rf8 16. Nf3 Nge7 (16... h5 $15) 17. exf6 $11 Rxf6 18. Ne5 Rf8 (18... Nxe5 $15 19. fxe5 Rff7) 19. Nxd7 Kxd7 20. h5 gxh5 (20... Qc7 $11) 21. Rxh5 $14 Qc7 22. Qh2 Ng8 23. O-O-O Nce7 24. Rf1 Rg7 25. f5 ({White should try} 25. Qh3 $14) 25... exf5 $11 26. Qxc7+ Kxc7 27. gxf5 Rgf7 28. Bxh6 Nxh6 29. Rxh6 Nxf5 30. Rg6 Nd6 31. Rxf7+ Rxf7 {[%emt 0:00:10][%mdl 4096] Endgame KRB-KRN} 32. Kb2 Rf2 33. Bg4 Ne4 34. Be6 Rf6 35. Rxf6 Nxf6 {[%emt 0:00:02] KB-KN} 36. Bf5 Nh5 37. Bg4 Ng3 38. Be6 Kd6 39. Bc8 b6 40. a4 a5 41. Bg4 Ke7 42. Bc8 Ne4 43. Bb7 Ke6 44. Bc8+ Kd6 45. Bg4 Nf2 46. Bf3 Ke6 47. Kc1 Ne4 48. Kb2 Kf5 49. Bh5 Kf4 50. Bf7 Nf6 51. Be6 Ke3 52. Bf7 Kd2 53. Be6 Ke2 54. Bf7 (54. Kc1 $15) 54... Kd1 55. Be6 Kd2 56. Bf7 Ne4 57. Bxd5 Nxc3 58. Bxc4 {[%emt 0:00:16] Threatens to win with Kb3.} Nxa4+ 59. Kb3 Nc3 60. d5 Ne4 61. Bd3 Nd6 0-1

[Event "29th Bosnjaci Open 2025"]
[Site "Bosnjaci"]
[Date "2025.01.06"]
[Round "6.16"]
[White "Valkovic, Kristian"]
[Black "Jusup, Matej"]
[Result "1/2-1/2"]
[ECO "D02"]
[WhiteElo "2033"]
[BlackElo "2238"]
[Annotator "TA"]
[PlyCount "80"]
[EventDate "2025.01.04"]
[EventType "swiss"]
[EventCountry "CRO"]
[SourceTitle "playchess.com"]
[Source "ChessBase"]
[SourceQuality "1"]
[TimeControl "5400+30"]

1. d4 d5 2. Nf3 Nf6 3. Bf4 c5 4. c3 Qb6 5. Qc2 g6 6. e3 Nc6 7. h3 Bf5 8. dxc5 Qxc5 9. Bd3 Bxd3 10. Qxd3 Bg7 11. Ne5 Nh5 12. Nxc6 $1 {[%emt 0:00:49] Strongly threatening Ne5.} Nxf4 13. exf4 bxc6 14. Nd2 Rb8 15. Rb1 O-O 16. O-O Qd6 17. g3 a5 18. Nf3 c5 19. Rfe1 c4 20. Qe2 e6 21. Rbd1 Qc6 22. Rd2 Qa4 23. a3 Qb5 24. Rc1 Rb7 25. Rcc2 Rfb8 26. Kg2 Qe8 27. h4 Rb6 28. Qe3 Qc8 29. Kh2 R8b7 30. Kg2 Qb8 31. Qe2 Rb3 32. Kh2 Qf8 33. Qe3 Bf6 34. Kg2 R3b6 35. Ne5 Be7 $2 {[%emt 0:03:49] [#]} (35... Qb8 $15 {stays ahead.}) 36. Nd7 $1 $16 {[%emt 0:03:41][%mdl 512] White is more active.} Qd8 (36... Rxd7 37. Qxb6) 37. Nxb6 Rxb6 38. h5 Qc7 (38... Qb8 $16 39. Re2 Rb5) 39. hxg6 hxg6 40. Rd1 (40. Qf3 $142) 40... Qb7 1/2-1/2

[Event "29th Bosnjaci Open 2025"]
[Site "Bosnjaci"]
[Date "2025.01.06"]
[Round "6.17"]
[White "Grgantov, Marin"]
[Black "Fridl, Miroslav"]
[Result "1-0"]
[ECO "B90"]
[WhiteElo "2191"]
[BlackElo "1992"]
[Annotator "TA"]
[PlyCount "119"]
[EventDate "2025.01.04"]
[EventType "swiss"]
[EventCountry "CRO"]
[SourceTitle "playchess.com"]
[Source "ChessBase"]
[SourceQuality "1"]
[TimeControl "5400+30"]

1. e4 c5 2. Nf3 d6 3. d4 cxd4 4. Nxd4 Nf6 5. Nc3 a6 6. Be3 e5 7. Nf3 h6 8. Bc4 Be7 9. O-O O-O 10. Nh4 Nc6 11. Ng6 Na5 12. Nxe7+ Qxe7 13. Nd5 Nxd5 $1 14. Bxd5 Be6 15. b3 {[%emt 0:05:34] Wards off Nc4} Rac8 16. c4 Nc6 17. Qd2 Nb8 18. Rad1 Bxd5 19. Qxd5 Rc6 20. f4 Nd7 21. f5 (21. fxe5 $142 Nxe5 22. h3) 21... Nf6 $11 22. Qd3 Rfc8 23. Bf2 (23. Rd2 $11) 23... Nh7 (23... b5 $1 $15 24. cxb5 axb5) 24. a4 b6 (24... b5 $11 {keeps the balance.}) 25. Be1 (25. Rfe1 $16) 25... a5 (25... Nf6 $11) 26. Rf3 f6 27. Qd2 Ng5 28. Re3 Kf8 29. h4 Nf7 30. Rg3 Nd8 (30... Kg8 $16 31. Bf2 Kh7) 31. Bf2 $18 Qf7 32. Rg6 (32. Be3 $18 {[%cal Oe3h6] And now Bxh6! would win.} Qh5 33. Rg6) 32... Nb7 (32... Ne6 $16) 33. Be3 Ke7 34. Kf1 Rf8 35. Ke2 Kd7 36. Qe1 (36. g4 $18) 36... Qe7 $16 37. Rd5 {[%emt 0:01:47] White has more active pieces.} Nc5 38. Bxc5 Rxc5 {[%emt 0:00:04] Black is weak on the light squares} 39. Rd3 Rf7 40. Qd1 Kc7 41. Kf2 Qd7 42. g4 Rc6 43. g5 ({White should play} 43. Rh3) 43... hxg5 ({Black should play} 43... fxg5 44. Qh5 (44. hxg5 Rxf5+ 45. Rf3 Rxf3+ 46. Qxf3 Kb7 $11) 44... gxh4) 44. hxg5 Qe7 (44... Rc5 $16 45. Kg2 Qc6) 45. Rg3 Kb8 (45... d5 {is a better defense.}) 46. Qd5 $18 Rc8 47. gxf6 $1 gxf6 {[%emt 0:00:41] [#]} 48. Rg8 $1 {[%emt 0:00:04] Inhibits Ka7.} Rxg8 $2 (48... Rcf8 49. Qe6 Rxg8 50. Rxg8+ Ka7 51. Qxe7+ Rxe7) 49. Rxg8+ {[%mdl 4096] Endgame KQR-KQR} Rf8 {[#]} 50. Qe6 $1 Qd8 51. Rg7 b5 52. Kf3 bxa4 53. c5 Re8 54. Qf7 (54. Qxd6+ $2 {too greedy.} Qxd6 55. cxd6 axb3 $19) 54... Re7 55. Qxe7 Qxe7 56. Rxe7 axb3 57. c6 Kc8 58. Ke3 a4 59. Rb7 b2 60. Rxb2 1-0

[Event "29th Bosnjaci Open 2025"]
[Site "Bosnjaci"]
[Date "2025.01.06"]
[Round "6.18"]
[White "Goric, Esad"]
[Black "Topalic, Fran"]
[Result "1/2-1/2"]
[ECO "A22"]
[WhiteElo "2182"]
[BlackElo "1968"]
[Annotator "RC"]
[PlyCount "157"]
[EventDate "2025.01.04"]
[EventType "swiss"]
[EventCountry "CRO"]
[SourceTitle "playchess.com"]
[Source "ChessBase"]
[SourceQuality "1"]
[TimeControl "5400+30"]

1. c4 e5 2. g3 Nf6 3. Bg2 Bc5 4. Nc3 O-O 5. d3 h6 6. Nf3 d6 7. O-O c6 8. Na4 Bb4 9. a3 Ba5 10. c5 Bc7 11. cxd6 Bxd6 12. Nd2 Nbd7 13. Nc3 Re8 14. b4 Nf8 15. Bb2 a6 16. Qc2 Bf5 17. Nce4 Nxe4 18. dxe4 Bh7 19. Nc4 Bc7 20. Ne3 Qe7 21. Nc4 Rad8 22. Rfd1 f6 23. Bh3 Rxd1+ 24. Rxd1 Rd8 25. Rxd8 Qxd8 26. Ne3 Kh8 27. Qd3 Qe8 28. Nf5 Ne6 29. Bc1 Nd4 30. Nxd4 exd4 31. f3 Bb6 32. e3 dxe3 33. Bxe3 Bxe3+ 34. Qxe3 Qd8 35. Kf2 a5 36. Bf1 axb4 37. axb4 Bg8 38. Be2 b6 39. Qc3 Qd6 40. Ke3 c5 41. bxc5 bxc5 42. f4 c4 43. Qa5 Qb8 44. Qc3 Qb6+ 45. Kd2 Qc5 46. Qe3 Qd6+ 47. Kc2 Qc6 48. Kd2 Qa8 49. Qd4 Qa2+ 50. Kd1 Qa5 51. Kc2 Qa4+ 52. Kc1 Qb4 53. Bd1 Qa3+ 54. Kd2 Qa5+ 55. Qc3 Qd8+ 56. Kc1 Qe8 57. Bc2 Qh5 58. h4 Qc5 59. Kb2 Qb6+ 60. Kc1 Bf7 61. e5 fxe5 62. fxe5 Qc5 63. Kb2 Be6 64. Kc1 Kg8 65. Kb2 Qb6+ 66. Ka3 Qc5+ 67. Kb2 Bd5 68. Ka2 Kf7 69. g4 Ke8 70. g5 hxg5 71. hxg5 Qa7+ 72. Kb2 Qb6+ 73. Ka3 Qa7+ 74. Kb2 Qb6+ 75. Ka3 Qa7+ 76. Ba4+ Bc6 77. Kb2 Qb6+ 78. Ka2 Qa7 79. Qa3 1/2-1/2

[Event "29th Bosnjaci Open 2025"]
[Site "Bosnjaci"]
[Date "2025.01.06"]
[Round "6.19"]
[White "Mandalinic, David"]
[Black "Colev, Ivor"]
[Result "1/2-1/2"]
[ECO "E62"]
[WhiteElo "1982"]
[BlackElo "2169"]
[Annotator "RC"]
[PlyCount "131"]
[EventDate "2025.01.04"]
[EventType "swiss"]
[EventCountry "CRO"]
[SourceTitle "playchess.com"]
[Source "ChessBase"]
[SourceQuality "1"]
[TimeControl "5400+30"]

1. d4 Nf6 2. c4 g6 3. g3 Bg7 4. Bg2 d6 5. Nc3 O-O 6. Nf3 Nc6 7. O-O Bg4 8. d5 Na5 9. Qd3 c5 10. h3 Bxf3 11. exf3 a6 12. Bg5 Rb8 13. Bxf6 Bxf6 14. Rab1 b5 15. b3 Qd7 16. h4 Rb7 17. Ne4 Bd4 18. cxb5 axb5 19. b4 Nc4 20. a4 Ra8 21. bxc5 dxc5 22. axb5 Na3 23. Ra1 Bxa1 24. Rxa1 c4 25. Qe3 Qxb5 26. Rxa3 Rxa3 27. Qxa3 Qxd5 28. Qa8+ Kg7 29. Qa1+ e5 30. f4 Qd4 31. Qa8 Rb1+ 32. Kh2 exf4 33. h5 fxg3+ 34. fxg3 gxh5 35. Qc8 Qe5 36. Qxc4 h4 37. Qc8 hxg3+ 38. Nxg3 h5 39. Qf5 Qxf5 40. Nxf5+ Kf6 41. Ng3 Kg5 42. Ne4+ Kh4 43. Nd6 f6 44. Nf5+ Kg5 45. Ng3 f5 46. Kh3 Rb3 47. Kh2 Rb2 48. Kh3 h4 49. Nf1 Re2 50. Nh2 Re3+ 51. Bf3 Kf4 52. Kg2 h3+ 53. Kf2 Rb3 54. Be2 Rb2 55. Nf3 Ra2 56. Nh2 Rxe2+ 57. Kxe2 Kg3 58. Nf1+ Kg2 59. Ke1 f4 60. Ke2 f3+ 61. Ke1 Kg1 62. Nh2 f2+ 63. Ke2 Kxh2 64. Kxf2 Kh1 65. Kf1 h2 66. Kf2 1/2-1/2

[Event "29th Bosnjaci Open 2025"]
[Site "Bosnjaci"]
[Date "2025.01.07"]
[Round "7.1"]
[White "Zaja, Ivan"]
[Black "Pap, Misa"]
[Result "1/2-1/2"]
[ECO "E45"]
[WhiteElo "2418"]
[BlackElo "2436"]
[Annotator "TA"]
[PlyCount "43"]
[EventDate "2025.01.04"]
[EventType "swiss"]
[EventCountry "CRO"]
[SourceTitle "playchess.com"]
[Source "ChessBase"]
[SourceQuality "1"]
[TimeControl "5400+30"]

1. d4 Nf6 2. c4 e6 3. Nc3 Bb4 4. e3 b6 5. Nge2 Ba6 6. Ng3 Bxc3+ 7. bxc3 d5 8. Ba3 Bxc4 9. Bxc4 dxc4 10. Qa4+ Qd7 11. Qxc4 Qc6 12. Qxc6+ $1 Nxc6 13. c4 O-O-O (13... a6 $11 {is more appropriate.}) 14. Ke2 Ne8 15. Ne4 h6 16. Rhc1 f5 17. Nd2 Nf6 18. Rab1 Rhe8 19. c5 {[%emt 0:15:46] [#]} ({White should play} 19. h3 $14) 19... b5 $1 $11 20. Rxb5 {[%emt 0:03:33] [#]} Rxd4 $1 21. Bb2 (21. exd4 Nxd4+) 21... Ra4 22. Bxf6 1/2-1/2

[Event "29th Bosnjaci Open 2025"]
[Site "Bosnjaci"]
[Date "2025.01.07"]
[Round "7.2"]
[White "Maravic, Ivan"]
[Black "Saric, Ante"]
[Result "0-1"]
[ECO "E20"]
[WhiteElo "2074"]
[BlackElo "2483"]
[Annotator "TA"]
[PlyCount "86"]
[EventDate "2025.01.04"]
[EventType "swiss"]
[EventCountry "CRO"]
[SourceTitle "playchess.com"]
[Source "ChessBase"]
[SourceQuality "1"]
[TimeControl "5400+30"]

1. d4 Nf6 2. c4 e6 3. Nc3 Bb4 4. f3 c5 5. d5 {[%emt 0:01:30] [#]} b5 $1 6. e4 d6 7. Bd2 Bxc3 8. Bxc3 {[%emt 0:07:14] The position is equal.} b4 9. Bd2 exd5 10. cxd5 O-O {[%emt 0:00:26][%cal Of6e4] [#] aiming for ...Nxe4!} 11. Bg5 h6 12. Bh4 a5 13. a4 Qe7 14. Bb5 Nbd7 15. Ne2 Ne5 16. b3 g5 17. Bg3 Nh5 18. O-O Nxg3 19. Nxg3 f5 $1 20. exf5 Bxf5 21. Qd2 Bg6 22. Rae1 Rf7 23. Re2 Qf6 24. h3 Qf4 25. Qxf4 Rxf4 26. Rd1 (26. Re3 $142) 26... Rc8 27. Ba6 Ra8 28. Bb5 Rd4 29. Rxd4 cxd4 30. Ne4 Bxe4 31. fxe4 $17 {[%emt 0:01:08][%mdl 4096] Endgame. KRB-KRN. This move loses the game for White.} (31. Rxe4 $17 {was the only chance.} Rc8 (31... d3 32. Bc6 $11) 32. Bc6 (32. Rxd4 $2 Rc3 $19)) 31... Rc8 32. Bc6 Rf8 33. Rd2 (33. Re1 $142) 33... Rf3 $19 34. gxf3 (34. Rb2 Rc3 35. Rb1) 34... Nxf3+ {[%emt 0:00:02] Black is clearly winning.} 35. Kg2 Nxd2 {[%emt 0:00:02] KB-KN} 36. e5 Nxb3 37. exd6 Kf7 {[%emt 0:00:29] White must now prevent ...Nc5.} 38. Kf2 Nc5 39. Ke2 h5 40. d7 Ke7 41. d6+ Kd8 $1 (41... Kxd6 $2 {is the wrong capture.} 42. d8=Q+ (42. d8=R+ Kxc6 43. Rxd4 Nxa4 $17) 42... Kxc6 43. Qxa5 $18) 42. Bf3 Kxd7 {[%emt 0:01:04] Strongly threatening ...b3.} 43. Bxh5 Kxd6 {[%emt 0:00:55] Weighted Error Value: White=0.83/Black=0.08 (flawless) .  Mistake:       	White=4     	---        Inaccurate:     	White=4     	Black=2      OK:         	White=12    	Black=11     Best:        	---       	Black=1      Strong:       	---       	Black=1} 0-1

[Event "29th Bosnjaci Open 2025"]
[Site "Bosnjaci"]
[Date "2025.01.07"]
[Round "7.3"]
[White "Hadzovic, Amir"]
[Black "Gal, Andrej"]
[Result "1/2-1/2"]
[ECO "B10"]
[WhiteElo "2316"]
[BlackElo "2256"]
[Annotator "TA"]
[PlyCount "81"]
[EventDate "2025.01.04"]
[EventType "swiss"]
[EventCountry "CRO"]
[SourceTitle "playchess.com"]
[Source "ChessBase"]
[SourceQuality "1"]
[TimeControl "5400+30"]

1. e4 c6 2. d3 d5 3. Nd2 e5 4. Ngf3 Bd6 5. d4 exd4 6. Bd3 Ne7 7. O-O O-O 8. Re1 Ng6 9. e5 Bc7 10. Nb3 Bg4 11. Bxg6 hxg6 12. Nbxd4 Re8 13. Qd3 (13. h3 $11 Bxf3 14. Nxf3) 13... c5 (13... Nd7 $15 {stays ahead.} 14. Bf4 Nc5) 14. h3 {[%emt 0:04:54] White is more active.} (14. e6 $1 $16 cxd4 15. exf7+ Kxf7 16. Bg5) 14... Bxf3 15. Nxf3 Qd7 (15... c4 $15 16. Qd1 Nc6) 16. Bf4 $11 Na6 17. Bg3 Nb4 18. Qd2 Nc6 19. Rad1 Ba5 20. c3 d4 $1 21. Qg5 Nd8 22. b4 Ne6 23. Qg4 $1 cxb4 24. Rxd4 Qb5 25. c4 Qa4 26. Rdd1 (26. Rd6 $1 $11) 26... Rac8 (26... Qxa2 27. Ra1 Qc2 28. Rxa5 $16) 27. Rc1 ({White should try} 27. Ng5 $15) 27... Qc6 (27... Qxa2 $6 28. Ra1 Qc2 29. Rec1 $11 (29. Rxa5 $2 Rxc4 $19)) (27... Qa3 $17 {[%cal Ob4b3] White must now prevent ...b3!.} 28. Ra1 Qd3) 28. Red1 Red8 (28... Bc7 $142) 29. Rd6 Qe8 $1 30. Rcd1 Bc7 $36 {[%emt 0:00:27][%mdl 2048] Black has some pressure.} 31. R6d5 {[%emt 0:00:18] And now Bh4 would win.} Qa4 32. R1d2 Qa3 33. Bh4 Re8 34. Rd7 Qc1+ 35. Kh2 Bb8 36. Rd1 Qc2 37. R1d2 Qc1 38. Rd1 $1 Qc2 39. R1d2 $1 {[%emt 0:00:53] [#]} Qc1 (39... Qxc4 40. Rxb7 Qf1 41. Rdd7 $14 (41. Rxb4 Rc1 $15) (41. Qxb4 $2 {too greedy.} g5 $19)) ({Black should try} 39... Qc3 $1 $17 40. R2d3 Qxc4 41. Qxc4 Rxc4) 40. Rxb7 (40. Rd1 $1 $11 {keeps the balance.} Qc2 (40... Qxc4 41. Qxc4 Rxc4 42. Rxb7 $11)) 40... Rxc4 $17 41. Qg3 1/2-1/2

[Event "29th Bosnjaci Open 2025"]
[Site "Bosnjaci"]
[Date "2025.01.07"]
[Round "7.4"]
[White "Culum, Sanjin"]
[Black "Jakovic, Roko"]
[Result "1-0"]
[ECO "B90"]
[WhiteElo "2446"]
[BlackElo "2273"]
[Annotator "TA"]
[PlyCount "73"]
[EventDate "2025.01.04"]
[EventType "swiss"]
[EventCountry "CRO"]
[SourceTitle "playchess.com"]
[Source "ChessBase"]
[SourceQuality "1"]
[TimeControl "5400+30"]

1. e4 c5 2. Nf3 d6 3. d4 cxd4 4. Nxd4 Nf6 5. Nc3 a6 6. h3 e5 7. Nde2 b5 8. g4 b4 9. Nd5 Nxd5 10. Qxd5 Ra7 11. Be3 Be6 12. Qd3 Rb7 13. Bg2 Qc7 14. Ng3 Qc4 (14... Be7 $11) 15. O-O Qxd3 16. cxd3 Be7 17. Nf5 O-O 18. d4 {[%emt 0:01:32] White is more active.} Rc8 (18... Bf6 $16) 19. Nxe7+ $18 Rxe7 20. d5 Bd7 21. Rfc1 Ree8 22. Bb6 Kf8 23. b3 Rc3 24. Bc7 Rxc1+ (24... Ke7 $142 25. Rxc3 bxc3) 25. Rxc1 Ke7 26. Ba5 Bb5 27. Bxb4 a5 28. Bxa5 Na6 29. b4 Ra8 30. Bf1 Bxf1 31. Kxf1 Nc5 (31... g6 $142 32. Rc6 Nc5 33. bxc5 Rxa5 34. Rc7+ (34. cxd6+ Kd7 $18) (34. Rxd6 Rxc5 35. Ra6 g5 $18) 34... Ke8) 32. bxc5 Rxa5 {[%emt 0:00:06] KR-KR. White is two pawns up.} 33. c6 {[%emt 0:00:11] Hoping for c7.} Kd8 34. Rb1 Kc8 {[%emt 0:00:43] Against Rb8+} 35. Rb7 Rxa2 36. Rxf7 Ra3 37. Kg2 1-0

[Event "29th Bosnjaci Open 2025"]
[Site "Bosnjaci"]
[Date "2025.01.07"]
[Round "7.5"]
[White "Zadravec, Matija"]
[Black "Fercec, Nenad"]
[Result "1-0"]
[ECO "B35"]
[WhiteElo "2283"]
[BlackElo "2382"]
[Annotator "TA"]
[PlyCount "49"]
[EventDate "2025.01.04"]
[EventType "swiss"]
[EventCountry "CRO"]
[SourceTitle "playchess.com"]
[Source "ChessBase"]
[SourceQuality "1"]
[TimeControl "5400+30"]

1. e4 c5 2. Nc3 Nc6 3. Nge2 g6 4. d4 cxd4 5. Nxd4 Bg7 6. Be3 Nf6 7. Bc4 O-O 8. Bb3 a5 9. O-O a4 10. Nxa4 Nxe4 11. Nb5 d6 12. Bb6 Qd7 13. Re1 Ne5 14. c4 {[%emt 0:08:39][%cal Ob5c7,Bc2c4,Bc4c5][%mdl 32] aiming for Nc7!.} (14. Qe2 $5) 14... Nf6 (14... Qf5 $11) 15. Nc7 $16 Rb8 16. c5 {[%emt 0:01:14] White is more active.} Ne8 $2 (16... Qc6 $16 {keeps fighting.}) 17. Nxe8 $18 Rxe8 18. Ba7 b5 19. Bxb8 bxa4 $2 (19... Qb7) 20. Bxa4 Qb7 21. Bxe8 Qxb8 22. Qb3 Qa7 {[%emt 0:00:21] [#]} 23. Rxe5 $1 dxe5 (23... e6 24. Re4) 24. Qxf7+ Kh8 25. Bc6 1-0